Map: Dusk Towers

Players

SpaceMarine

  • Race: Protoss Protoss
  • League: Grandmaster

wallfacer (ZhuGeLiang) - Winner!

  • Race: Zerg Zerg
  • League: Master

Event: DreamHack ZOWIE Open Leipzig

VOD

Have the link to the VOD?

Description

Time

  • Played on: Jan. 22, 2016, 7:34 a.m.
  • Length: 10:07

All games in this series

Show
View Real Time Build Order
Export as new Build Order

SpaceMarine Protoss 

Build Orders: 1 Gate Expand 

Get SALT Encoding   

  12  0:01  Probe (Chrono Boost)  
  13  0:11  Probe (Chrono Boost)  
  14  0:18  Pylon  
  14  0:22  Probe (Chrono Boost)  
  15  0:36  Probe (Chrono Boost)  
  15  0:37  Gateway  
  15  0:41  Assimilator  
  16  0:47  Probe (Chrono Boost)  
  17  0:57  Probe (Chrono Boost)  
  18  1:08  Probe (Chrono Boost)  
  20  1:18  Probe (Chrono Boost)  
  20  1:20  Nexus  
  20  1:30  Cybernetics Core  
  20  1:33  Probe (Chrono Boost)  
  20  1:38  Assimilator  
  21  1:44  Probe (Chrono Boost)  
  22  1:49  Pylon  
  22  1:54  Probe (Chrono Boost)  
  23  2:01  Warp Gate  
  23  2:06  Stalker (Chrono Boost)  
  23  2:07  Probe (Chrono Boost)  
  26  2:19  Probe  
  27  2:23  Robotics Facility  
  27  2:31  Probe (Chrono Boost)  
  27  2:33  Probe (Chrono Boost)  
  29  2:42  Probe (Chrono Boost)  
  29  2:43  Probe (Chrono Boost)  
  31  2:52  Probe (Chrono Boost)  
  31  2:54  Probe (Chrono Boost)  
  33  3:01  Gateway  
  33  3:02  Gateway  
  33  3:03  Probe (Chrono Boost)  
  33  3:04  Probe (Chrono Boost)  
  35  3:11  Warp Prism (Chrono Boost)  
  37  3:13  Probe  
  37  3:15  Probe  
  39  3:23  Sentry  
  39  3:25  Probe  
  39  3:26  Pylon  
  42  3:27  Probe  
  43  3:38  Probe  
  43  3:40  Mothership Core (Chrono Boost)  
  46  3:43  Observer (Chrono Boost)  
  47  3:49  Nexus  
  47  3:50  Assimilator  
  47  3:54  Assimilator  
  47  4:00  Probe (Chrono Boost), Observer  
  48  4:04  Probe (Chrono Boost)  
  48  4:06  Pylon  
  50  4:15  Pylon  
  50  4:17  Probe (Chrono Boost)  
  50  4:18  Pylon  
  50  4:19  Probe (Chrono Boost)  
  50  4:23  Twilight Council, Adept  
  50  4:24  Adept x2  
  59  4:32  Probe (Chrono Boost)  
  59  4:50  Zealot  
  59  4:52  Immortal  
  61  5:00  Probe (Chrono Boost)  
  61  5:01  Forge  
  61  5:03  Probe (Chrono Boost)  
  61  5:05  Probe (Chrono Boost)  
  63  5:07  Gateway  
  63  5:09  Gateway  
  63  5:10  Probe (Chrono Boost)  
  65  5:14  Probe  
  65  5:16  Blink (Chrono Boost)  
  65  5:25  Probe  
  65  5:26  Probe x2  
  68  5:32  Immortal  
  72  5:36  Probe  
  72  5:38  Probe x2  
  72  5:39  Sentry  
  72  5:40  Sentry x2  
  81  5:46  Probe  
  82  5:50  Probe x2, Protoss Ground Weapons Level 1 (Chrono Boost)  
  82  5:55  Gateway  
  82  5:57  Probe, Gateway  
  84  5:58  Gateway  
  84  6:00  Pylon  
  84  6:03  Pylon  
  85  6:04  Pylon  
  85  6:10  Stalker x2  
  85  6:11  Stalker  
  95  6:18  Immortal  
  95  6:20  Probe  
  95  6:21  Probe x2  
  98  6:30  Stalker x2  
  102  6:33  Stalker  
  102  6:34  Stalker x2  
  108  6:42  Probe  
  108  6:43  Probe x2  
  108  6:45  Pylon  
  108  6:46  Assimilator  
  111  6:48  Assimilator  
  111  6:55  Zealot x3  
  111  6:58  Charge  
  117  7:02  Probe  
  117  7:03  Probe x2  
  117  7:06  Gateway  
  117  7:07  Gateway  
  120  7:10  Zealot  
  120  7:11  Zealot  
  120  7:12  Probe  
  125  7:21  Pylon  
  125  7:24  Pylon  
  125  7:33  Probe x2  
  125  7:35  Nexus  
  125  7:36  Protoss Ground Weapons Level 2 (Chrono Boost)  
  121  7:43  Zealot x7  
  135  7:55  Templar Archives  
  131  7:59  Zealot  
  131  8:01  Zealot x2  
  131  8:05  Pylon  
  137  8:06  Pylon  
  132  8:14  Stalker x2  
  132  8:15  Stalker  
  129  8:28  Zealot x5  
  129  8:32  Pylon  
  119  8:41  Zealot  
  119  8:42  Zealot x2  
  119  8:47  Zealot x2  
  95  8:58  Zealot x2  
  95  8:59  Zealot x3  
  102  9:05  Zealot x2  
  91  9:13  Zealot x2  
  91  9:15  Immortal  
  80  9:24  Mothership Core  
  76  9:31  Stalker  
  76  9:32  Stalker x5  
  76  9:35  Stalker x4  
  90  10:00  Pylon  
  90  10:03  Pylon  
  90  10:04  Pylon  
  90  10:05  Pylon  
Show
View Real Time Build Order
Export as new Build Order

wallfacer Zerg - Winner!

Build Orders: 3 Hatch before Pool 

Get SALT Encoding   

  12  0:01  Drone  
  13  0:12  Overlord  
  13  0:17  Drone  
  14  0:30  Drone x2  
  14  0:34  Drone  
  17  0:52  Hatchery  
  17  0:54  Drone  
  17  1:15  Hatchery  
  17  1:17  Drone  
  17  1:31  Spawning Pool  
  17  1:32  Drone  
  17  1:36  Drone  
  17  1:39  Drone  
  19  1:44  Drone  
  20  1:54  Drone  
  21  2:04  Drone  
  21  2:05  Overlord  
  22  2:16  Drone x2  
  22  2:18  Queen x2  
  28  2:26  Queen  
  28  2:28  Drone  
  31  2:30  Drone  
  31  2:34  Drone  
  34  2:37  Drone x2  
  34  2:41  Overlord  
  35  2:47  Drone  
  35  2:50  Drone x2  
  38  2:57  Overlord  
  38  3:03  Drone x2  
  40  3:08  Overlord, Extractor x2  
  40  3:09  Drone  
  40  3:12  Drone  
  40  3:19  Zergling x2  
  41  3:22  Drone x2  
  43  3:28  Drone x4  
  43  3:29  Drone x2  
  43  3:33  Drone  
  50  3:37  Drone x4  
  50  3:38  Drone  
  50  3:41  Roach Warren  
  54  3:45  Overlord x2  
  54  3:47  Drone  
  55  3:49  Metabolic Boost  
  55  3:52  Queen  
  57  3:57  Drone  
  57  4:01  Overlord  
  58  4:04  Spore Crawler x2  
  58  4:07  Spore Crawler  
  56  4:10  Drone x5  
  56  4:11  Drone  
  56  4:15  Lair  
  60  4:21  Drone x5  
  60  4:23  Zergling x2  
  66  4:25  Drone x2  
  68  4:32  Roach x3  
  68  4:35  Zergling x6  
  76  4:43  Zergling x2  
  74  4:49  Drone x2  
  74  4:53  Drone  
  74  4:54  Drone x2  
  74  4:57  Drone x3  
  79  5:03  Drone  
  79  5:04  Drone x2, Extractor x2  
  80  5:08  Evolution Chamber, Drone x2  
  80  5:13  Overseer  
  81  5:15  Drone  
  81  5:18  Extractor x2  
  79  5:23  Drone x3  
  81  5:30  Drone, Spire  
  81  5:31  Overlord x2  
  81  5:36  Overlord  
  81  5:39  Overlord x3  
  81  5:45  Zerg Missile Weapons Level 1, Overlord  
  81  5:47  Drone x2  
  81  5:49  Hatchery  
  79  5:52  Drone x2  
  79  5:54  Overlord  
  81  6:02  Overlord  
  81  6:03  Hydralisk Den  
  80  6:06  Drone  
  80  6:08  Overlord  
  80  6:11  Overlord  
  81  6:13  Overlord  
  82  6:18  Drone x2  
  82  6:19  Overlord  
  82  6:20  Overlord  
  82  6:23  Glial Reconstitution, Roach x7  
  96  6:33  Hydralisk x4  
  96  6:37  Ravager x3  
  96  6:38  Roach  
  96  6:39  Roach x2  
  113  6:42  Roach  
  113  6:43  Roach  
  113  6:45  Roach  
  113  6:46  Roach  
  121  6:51  Hydralisk  
  121  6:52  Hydralisk x2  
  127  7:02  Zergling x12  
  127  7:06  Mutalisk x2  
  137  7:09  Roach x2  
  141  7:16  Roach x5  
  141  7:22  Roach  
  153  7:26  Zergling x2  
  154  7:33  Zergling x14  
  160  7:40  Overlord  
  160  7:41  Zerg Missile Weapons Level 2  
  160  7:43  Hatchery, Roach x3  
  165  7:45  Overseer x2  
  165  7:49  Zergling x6  
  168  7:55  Roach x2  
  168  7:57  Ravager x4  
  174  8:00  Zergling x2  
  174  8:01  Zergling x12  
  174  8:05  Roach x2  
  183  8:14  Roach  
  183  8:15  Roach x3  
  183  8:18  Roach  
  183  8:26  Roach x3  
  184  8:28  Ravager x3  
  184  8:29  Roach  
  186  8:36  Roach  
  186  8:37  Roach x4  
  188  8:46  Roach  
  188  8:47  Roach x5  
  169  8:56  Roach x4  
  169  9:02  Zergling x8  
  162  9:12  Zergling x4  
  162  9:13  Zergling x10  
  145  9:28  Zergling x12  
  149  9:35  Zergling x14  
  158  9:49  Overseer x2  
  157  9:56  Extractor  
  150  10:01  Extractor  

Tags
 
Add a new tag
Caveats
  • Supply blocks, unpowered buildings, or Contaminate may cause inaccurate times.
  • Supply counts are checked every 10 seconds.